 Dungeon Crawl Stone Soup version 0.29.1-15-g9cfb28693d (webtiles) character file.

Game seed: 6081203621151273738

35 H0rd4k the Charlatan (level 3, 0/24 HPs)
             Began as an Octopode Artificer on Apr 12, 2023.
             Slain by a worm (12 damage)
             ... on level 2 of the Dungeon.
             The game lasted 00:00:44 (1542 turns).

H0rd4k the Charlatan (Octopode Artificer)           Turns: 1542, Time: 00:00:45

Health: 0/24       AC:  1    Str: 11    XL:     3   Next: 35%
Magic:  5/5        EV: 13    Int: 15    God:
Gold:   27         SH:  0    Dex: 12    Spells: 5/5 levels left

rFire   . . .      SeeInvis .     - Unarmed
rCold   . . .      Faith    .   (no shield)
rNeg    . . .      Spirit   .   (helmet restricted)
rPois   .          Reflect  .   (no amulet)
rElec   .          Harm     .   k - ring of flight
rCorr   .          Rampage  .   a - ring of willpower
Will    +....                   (no ring)
Stlth   +++.......              (no ring)
HPRegen 0.08/turn               (no ring)
MPRegen 0.09/turn               (no ring)
                                (no ring)
                                (no ring)

@: flying
A: almost no armour, amphibious, 8 rings, camouflage 1, gelatinous body 1,
(nimble swimmer 1), tentacles
a: no special abilities


You were on level 2 of the Dungeon.
You visited 1 branch of the dungeon, and saw 2 of its levels.

You collected 27 gold pieces.

Inventory:

Jewellery
 a - a ring of willpower (right tentacle)
 k - a ring of flight (left tentacle)
Wands
 b - a wand of flame (15) (quivered)
 c - a wand of charming (15)
 d - a wand of iceblast (5)
Scrolls
 f - a scroll of identify {unknown}
 g - a scroll of teleportation {unknown}
 i - 2 scrolls of fear {unknown}
 j - 2 scrolls of blinking {unknown}
Potions
 e - a potion of curing {unknown}
 h - a potion of might {unknown}


   Skills:
 * Level 2.1 Fighting
 - Level 2.3 Dodging
 - Level 1.3 Stealth
 + Level 1.0 Unarmed Combat
 * Level 1.5 Spellcasting
 - Level 3.2 Evocations


You had 5 spell levels left.
You didn't know any spells.
Your spell library was empty.

Dungeon Overview and Level Annotations

Branches:
Dungeon (2/15)

Altars:


Innate Abilities, Weirdness & Mutations

You cannot wear most types of armour.
You are amphibious.
You can wear up to eight rings at the same time.
Your skin changes colour to match your surroundings (Stealth+).
Your rubbery body absorbs attacks. (AC +1, EV +1)
((You are camouflaged when in or above water. (Stealth+)))
You have tentacles for arms and can constrict up to eight enemies at once.


Message History

The bat hits you.
A bat is nearby!
The bat closely misses you. x2
You closely miss the bat. You grab the bat. You squeeze the bat.
You kill the bat!
Found an escape hatch in the ceiling.
No target in view!
j - 2 scrolls labelled UZOS UROIMPE (gained 1)
An adder comes into view.
An adder is nearby!
A bat comes into view.
There are monsters nearby!
There are monsters nearby!
A worm comes into view.
The adder hisses angrily.
A goblin comes into view. It is wielding a +0 dagger.
Found a stone staircase leading down.
The adder misses you. The adder barely misses you.
You miss the adder.
The goblin shouts!
You grab the adder. You squeeze the adder!
You kill the adder!
Your Unarmed Combat skill increases to level 1!
The goblin hits you with a +0 dagger. The bat hits you but does no damage.
You closely miss the goblin. Your grab misses the goblin.
You squeeze the goblin.
The goblin is severely wounded.
The bat misses you. The bat hits you but does no damage.
The goblin closely misses you. The worm bites you!
You miss the bat. You grab the bat. You constrict the bat.
The bat hits you but does no damage.
The bat struggles to escape constriction.
The goblin misses you. The bat hits you but does no damage.
You barely miss the bat. Your squeeze misses the bat.
The bat is heavily wounded.
You constrict the bat.
You kill the bat!
The goblin hits you with a +0 dagger. The worm bites you!
Ouch! That really hurt!
You die...

#. ....# #..
..... #.
#.#.#####..
....#
#.###.#........
...>
#.<............
...
#..#...........
..
#..#....#####..
#. #.......#
#..
##.####.#.#.##
#>.
#.g@....#.#.#
#..
#.w####.....#
#.. #..
.......# ##.
...# ....##.#
.... ##!### ..
§..... #.# ..
§..## ... §.#
..


You could see a worm and a goblin.

Vanquished Creatures
  An adder (D:2)
  2 endoplasms (D:1)
  3 giant cockroaches (D:1)
  A goblin (D:2)
  5 hobgoblins (D:1)
  2 kobolds
  5 ball pythons
  3 bats
  2 frilled lizards (D:1)
  2 rats (D:1)
26 creatures vanquished.

Notes
Turn   | Place    | Note
-------+----------+-------------------------------------------
     0 | D:1      | H0rd4k the Octopode Artificer began the quest for the Orb.
     0 | D:1      | Reached XP level 1. HP: 13/13 MP: 1/1
   415 | D:1      | Reached XP level 2. HP: 18/18 MP: 1/3
   611 | D:1      | Reached skill level 1 in Spellcasting
  1358 | D:2      | Reached XP level 3. HP: 24/24 MP: 3/5
  1539 | D:2      | Reached skill level 1 in Unarmed Combat
  1542 | D:2      | Slain by a worm

Illustrated notes

Levels and vault maps discovered:
D:1:      dpeg_arrival_yet_another_circle, layout_loops_corners
D:2:      layout_loops_cross, shapermc_ecumenical_altar_starsandcircs,
          uniq_robin

Skill      XL: |  1  2  3 |
---------------+----------+-----
Spellcasting   | 1 |  1.5
Fighting       | 2 |  2.1
Unarmed Combat | 1 |  1.0
Dodging        | |  2.3
Stealth        | |  1.3
Evocations     | |  3.2

Action                   || total
-------------------------++-------
Melee: Unarmed           ||    56
       Tentacles         ||    20
       Constrict         ||    19
       Punch             ||     1
 Stab: Sleeping          ||     9
Armor: Skin              ||     8
Dodge: Dodged            ||    33
